 Dungeon Crawl Stone Soup version 0.22.1-5-g62c59d919a (webtiles) character file.

99 Ivernyr the Magician (level 4, -5/39 HPs)
             Began as a Naga Wizard on Jan 11, 2019.
             Shot with an arrow by a centaur (10 damage)
             ... on level 3 of the Dungeon on Jan 12, 2019.
             The game lasted 00:10:56 (2659 turns).

Ivernyr the Magician (Naga Wizard)                  Turns: 2659, Time: 00:10:56

Health: -5/39      AC:  2    Str:  9    XL:     4   Next: 72%
Magic:  7/10       EV: 10    Int: 19    God:
Gold:   75         SH:  0    Dex: 10    Spells: 2/11 levels left

rFire    + . .     SeeInvis +   o - +1 spear (venom)
rCold    + . .     Gourm    .   (no shield)
rNeg     . . .     Faith    .   a - +0 robe
rPois    +         Spirit   .   (no helmet)
rElec    .         Reflect  .   m - scarf {rC+ rF+}
rCorr    .         Harm     .   (no gloves)
MR       .....                  (no barding)
Stlth    ++........             l - amulet of regeneration
HPRegen  0.53/turn              (no ring)
MPRegen  0.12/turn              (no ring)

@: very slightly contaminated, very slow
A: large, see invisible, deformed body, poison resistance, slowness 2, slow
metabolism 1, spit poison 1, AC +1
a: Spit Poison


You were on level 3 of the Dungeon.
You were not hungry.

You visited 1 branch of the dungeon, and saw 3 of its levels.

You collected 75 gold pieces.

Inventory:

Hand Weapons
 o - a +1 spear of venom (weapon)
Armour
 a - a +0 robe (worn)
 m - a scarf of resistance (worn)
Jewellery
 l - an amulet of regeneration (around neck)
Wands
 w - a wand of polymorph (13)
Scrolls
 b - 2 scrolls of remove curse {unknown}
 g - 2 scrolls of identify {unknown}
 k - a scroll of magic mapping {unknown}
 n - a scroll of amnesia {unknown}
 p - a scroll of fog {unknown}
 q - a scroll of immolation {unknown}
 r - a scroll of blinking {unknown}
 s - a scroll of teleportation {unknown}
 v - a scroll of random uselessness {unknown}
Potions
 c - a potion of lignification {unknown}
 e - a potion of might {unknown}
 f - 2 potions of haste {unknown}
 h - 4 potions of curing {unknown}
 i - a potion of heal wounds {unknown}
 j - a potion of flight {unknown}
 t - a potion of degeneration {unknown}
 u - a potion of brilliance {unknown}
Comestibles
 d - 4 rations


   Skills:
 + Level 1.8 Fighting
 - Level 1.5 Dodging
 - Level 3.0 Stealth
 * Level 4.1 Spellcasting
 + Level 2.2 Conjurations
   Level 1.0 Summonings
 - Level 1.0 Translocations


You had 2 spell levels left.
You knew the following spells:

 Your Spells              Type           Power        Failure   Level  Hunger
a - Magic Dart            Conj           ##..         5%          1    None
b - Blink                 Tloc           N/A          14%         2    ##.....
c - Conjure Flame         Conj/Fire      #.......     26%         3    ###....
d - Mephitic Cloud        Conj/Pois/Air  #.......     30%         3    ###....

Your spell library contained the following spells:

 Spells                   Type           Power        Failure   Level  Hunger
 Call Imp                 Summ           #.......     14%         2    ##.....
 Slow                     Hex            #.......     21%         2    ##.....


Dungeon Overview and Level Annotations

Branches:
Dungeon (3/15)

Altars:
Elyvilon


Innate Abilities, Weirdness & Mutations

You cannot wear boots.
Your serpentine skin is tough. (AC +1)
You have supernaturally acute eyesight. (SInv)
Armour fits poorly on your strangely shaped body.
Your system is resistant to poisons. (rPois)
You cover ground very slowly.
You have a slow metabolism.
You can spit poison.


Message History

You now have 75 gold pieces (gained 10).
A centaur comes into view.
The centaur wields a shortbow.
The centaur shoots an arrow.
The arrow hits you!
You see here an arrow.
The centaur shoots an arrow.
The arrow hits you.
The centaur shoots an arrow.
The arrow hits you!
You see here 2 arrows.
You start resting.
The centaur is too close now for your liking.
Casting: Magic Dart (safe; 5% risk of failure)
Confirm with . or Enter, or press ? or * to list all spells.
Aiming: Mephitic Cloud (safe; 30% risk of failure)
Press: ? - help, Shift-Dir - straight line, f - centaur
Aim: a centaur, wielding a shortbow You miscast Mephitic Cloud.
You are very lightly contaminated with residual magic.
Your skin tingles.
The centaur shoots an arrow.
The arrow hits you!
* * * LOW HITPOINT WARNING * * *
The centaur shoots an arrow.
The arrow hits you!
You die...

####...## ....c..
... .#. ....%.
....... ..... ......
. #...# #.#.. ..
#c..# #.#.## .#
#...# #.#..#..#. #
#..(####.........
##.
#...(@...#.......
..#
######.[.........
..# ##[..#.###.###.
#.# #......###.###
#.## #.......#....
##..####.......#..#
#...........#..#..##
##...#####.....)..>#
...
#.........##.##.#.#
#


You could see a centaur.

Vanquished Creatures
  4 gnolls (D:2)
  2 adders
  An ooze (D:2)
  A worm (D:2)
  A dart slug (D:1)
  A leopard gecko (D:1)
  5 goblins
  7 hobgoblins
  A quokka (D:2)
  A ball python (D:1)
  5 bats
  2 frilled lizards
  8 kobolds
  5 rats
44 creatures vanquished.

Vanquished Creatures (others)
  A quokka (D:2)
1 creature vanquished.

Grand Total: 45 creatures vanquished

Notes
Turn   | Place    | Note
-------+----------+-------------------------------------------
     0 | D:1      | Ivernyr the Naga Wizard began the quest for the Orb.
     0 | D:1      | Reached XP level 1. HP: 15/15 MP: 4/4
   517 | D:1      | Reached XP level 2. HP: 24/24 MP: 6/6
   527 | D:1      | Learned a level 2 spell: Blink
  1152 | D:1      | Reached skill level 1 in Fighting
  1558 | D:2      | Reached XP level 3. HP: 31/31 MP: 2/8
  1802 | D:2      | Found a white marble altar of Elyvilon.
  1929 | D:2      | Learned a level 3 spell: Conjure Flame
  1933 | D:2      | Learned a level 3 spell: Mephitic Cloud
  2082 | D:2      | Reached XP level 4. HP: 27/38 MP: 4/9
  2102 | D:2      | Reached skill level 4 in Spellcasting
  2654 | D:3      | Noticed a centaur
  2659 | D:3      | Shot with an arrow by a centaur

Skill      XL: |  1  2  3  4 |
---------------+-------------+-----
Fighting       | 1 |  1.8
Conjurations   | 2 |  2.2
Spellcasting   | 4 |  4.1
Dodging        | |  1.5
Stealth        | |  3.0
Summonings     | |  1.0
Translocations | |  1.0

Action                   |  1- 3 |  4- 6 || total
-------------------------+-------+-------++-------
Melee: Unarmed           |     6 |       ||     6
       Spear             |       |    13 ||    13
 Cast: Magic Dart        |    59 |    17 ||    76
       Mephitic Cloud    |       |     1 ||     1
 Abil: Spit Poison       |    24 |     4 ||    28
  Eat: Chunk             |     3 |     2 ||     5
Armor: Robe              |     3 |     4 ||     7
Dodge: Dodged            |    11 |     7 ||    18
